 Dungeon Crawl Stone Soup version 0.30-b1-2-g02819fbbbe (webtiles) character file.

Game seed: 63748033222929165

1205 Hugehornet the Cleaver (level 8, -2/46 HPs)
             Began as a Gargoyle Fighter on May 20, 2023.
             Slain by a black bear (6 damage)
             ... on level 5 of the Dungeon.
             The game lasted 00:09:16 (4625 turns).

Hugehornet the Cleaver (Gargoyle Fighter)           Turns: 4625, Time: 00:09:16

Health: -2/46      AC: 14    Str: 20    XL:     8   Next: 45%
Magic:  8/8        EV:  9    Int: 11    God:
Gold:   298        SH:  4    Dex:  9    Spells: 7/7 levels left

rFire   . . .        a - +0 war axe
rCold   . . .        c - +0 buckler
rNeg    + . .        b - +0 scale mail
rPois   ∞            q - +0 helmet
rElec   +            (no cloak)
rCorr   .            (no gloves)
SInv    .            (no boots)
Will    .....        (no amulet) Stlth
                     (no ring)
HPRegen 0.27/turn    (no ring)
MPRegen 0.11/turn

%: no passive effects
@: mighty
A: sickness immunity, AC +5, negative energy resistance 1, electricity
resistance, torment resistance 1, petrification resistance
a: no special abilities


You were on level 5 of the Dungeon.
You visited 1 branch of the dungeon, and saw 6 of its levels.
You also visited: Sewer.

You collected 298 gold pieces.

Inventory:

Hand Weapons
 a - a +0 war axe (weapon)
 n - a +0 morningstar
Missiles
 f - 3 silver boomerangs (quivered)
 g - 25 poisoned darts
 y - 6 atropa-tipped darts
Armour
 b - a +0 scale mail (worn)
 c - a +0 buckler (worn)
 k - a +0 plate armour
 q - a +0 helmet (worn)
 t - a +0 chain mail
Jewellery
 p - an amulet of faith
 D - a ring of resist corrosion
Wands
 C - a wand of iceblast (13)
Scrolls
 h - 3 scrolls of poison {unknown}
 i - 4 scrolls of teleportation {unknown}
 j - 7 scrolls of identify {unknown}
 l - 2 scrolls of blinking {unknown}
 o - 2 scrolls of vulnerability {unknown}
 r - a scroll of immolation {unknown}
 s - a scroll of enchant weapon {unknown}
 w - a scroll of brand weapon {unknown}
 x - a scroll of fog {unknown}
 B - a scroll of enchant armour {unknown}
 E - a scroll of magic mapping {unknown}
Potions
 e - 4 potions of curing {unknown}
 m - a potion of brilliance {unknown}
 u - 4 potions of flight
 v - a potion of heal wounds {unknown}
 z - a potion of lignification {unknown}
 A - 3 potions of haste {unknown}


   Skills:
 - Level 3.2 Fighting
 - Level 8.0 Axes
 - Level 5.0 Armour
 + Level 5.2 Shields


You had 7 spell levels left.
You didn't know any spells.
Your spell library contained the following spells:

 Spells                   Type           Power      Damage    Failure   Level
 Slow                     Hex            0%         N/A       75%         1
 Blink                    Tloc           0%         N/A       87%         2
 Ensorcelled Hibernation  Hex/Ice        0%         N/A       87%         2
 Lesser Beckoning         Tloc           0%         N/A       87%         2
 Momentum Strike          Conj/Tloc      0%         3d8       87%         2
 Scorch                   Fire           0%         2d5       87%         2
 Wereblood                Tmut           0%         N/A       87%         2
 Confusing Touch          Hex            0%         N/A       98%         3
 Spider Form              Tmut/Pois      0%         N/A       98%         3
 Vampiric Draining        Necr           0%         2d6       98%         3
 Anguish                  Hex/Necr       0%         N/A       100%        4
 Flame Wave               Conj/Fire      0%         2d4       100%        4
 Summon Cactus Giant      Summ           0%         N/A       100%        6
 Summon Hydra             Summ           0%         N/A       100%        7
 Sublimation of Blood     Necr           Unusable   N/A       N/A         2

Dungeon Overview and Level Annotations

Branches:
Dungeon (6/15)              Sewer (visited)
 Temple: D:4-7

Altars:
Ashenzari
Fedhas
Gozag
Hepliaklqana
Makhleb
Vehumet
The Shining One


Innate Abilities, Weirdness & Mutations

You are immune to sickness and miasma.
Your stone body is resilient. (AC +5)
You are immune to poison.
You resist negative energy. (rN+)
You are resistant to electric shocks. (rElec)
You are resistant to unholy torment.
You are immune to petrification.


Message History

You are too injured to fight recklessly!
You are too injured to fight recklessly!
Unknown command.
The black bear attacks as you move away!
The black bear closely misses you. The black bear completely misses you.
The black bear claws you but does no damage.
An orc wizard comes into view. It is wielding a +0 dagger.
The centaur shoots an arrow.
The arrow hits you. The hound bites you but does no damage.
An orc comes into view. It is wielding a +0 falchion.
The orc wizard moves out of view.
There is a stone staircase leading up here.
You block the hound's attack. The hound bites you but does no damage.
You block the black bear's attack. The black bear barely misses you.
The black bear claws you but does no damage.
You climb upwards.
There is a stone staircase leading down here.
You are too injured to fight recklessly!
You are too injured to fight recklessly!
You are too injured to fight recklessly!
You are too injured to fight recklessly!
You slash the black bear!
The black bear is heavily wounded.
You hit the hound but do no damage. The hound bites you.
The black bear bites you.
* * * LOW HITPOINT WARNING * * *
The black bear claws you but does no damage.
The black bear claws you.
* * * LOW HITPOINT WARNING * * *
You feel very mighty all of a sudden. The hound barely misses you.
The hound bites you.
* * * LOW HITPOINT WARNING * * *
You block the black bear's attack.
The black bear claws you but does no damage.
The black bear closely misses you.
You slash the black bear!
The black bear is severely wounded.
You barely miss the hound. The hound bites you but does no damage.
The black bear bites you.
You die...

...........##..............###
###......#.##................#
.........#####....~.........##
.........## ###..~~≈......###
..........###...##≈~.......##
..<..)..........###~~.......#####
........##......###~~......##...#
##......#######..##.~.....##.....
........#.######@h..~....#####...
##..#.....#.##...h.~≈......##....
######......#....#..~~...........
...###..........###.#~..#........
⌠...##..............#~..##.....##
.._..#...............#..#.....##
#....#.......................##
##.♣.#....................))##
##...#.......#............#.#


You could see a black bear and a hound.

Vanquished Creatures
  Grinder (D:3)
  A water moccasin (D:5)
  2 ogres (D:5)
  A bullfrog (D:4)
  A scorpion (D:4)
  A hound (D:3)
  An orc priest (D:4)
  3 iguanas
  A sleepcap (D:5)
  7 orc wizards
  11 adders
  5 river rats
  2 white imps
  4 worms
  2 dart slugs (D:3)
  6 orcs
  7 endoplasms
  6 giant cockroaches
  8 goblins
  6 hobgoblins
  5 jackals
  A quokka (Sewer)
  11 ball pythons
  10 bats
  2 frilled lizards (D:1)
  13 kobolds
  4 rats
122 creatures vanquished.

Notes
Turn   | Place    | Note
-------+----------+-------------------------------------------
     0 | D:1      | Hugehornet the Gargoyle Fighter began the quest for the
                  | Orb.
     0 | D:1      | Reached XP level 1. HP: 14/14 MP: 1/1
    25 | D:1      | Reached skill level 2 in Axes
   156 | D:1      | Reached XP level 2. HP: 19/19 MP: 2/2
   293 | D:1      | Found a faded altar of an unknown god.
   627 | D:2      | Reached skill level 3 in Axes
   669 | D:2      | Reached XP level 3. HP: 23/23 MP: 3/3
  1281 | D:3      | Reached XP level 4. HP: 20/28 MP: 4/4
  1376 | D:3      | Reached skill level 4 in Axes
  1706 | D:3      | Reached XP level 5. HP: 23/32 MP: 5/5
  1912 | D:3      | Noticed Grinder
  1940 | D:3      | Killed Grinder
  1941 | D:3      | Reached skill level 6 in Axes
  1941 | D:3      | Reached XP level 6. HP: 11/37 MP: 6/6
  2377 | D:4      | Found a hazy altar of Hepliaklqana.
  2377 | D:4      | Found a blossoming altar of Fedhas.
  2413 | D:4      | Found a glowing drain.
  2427 | Sewer    | Entered a sewer
  2767 | Sewer    | Reached XP level 7. HP: 40/41 MP: 7/7
  3188 | D:4      | Reached skill level 7 in Axes
  3600 | D:5      | Entered Level 5 of the Dungeon
  3797 | D:5      | Reached skill level 8 in Axes
  3994 | D:5      | Reached XP level 8. HP: 41/46 MP: 8/8
  4126 | D:5      | Found a glowing golden altar of the Shining One.
  4164 | D:5      | Reached skill level 5 in Armour
  4221 | D:5      | Found an opulent altar of Gozag.
  4225 | D:5      | Found a burning altar of Makhleb.
  4239 | D:5      | Found a radiant altar of Vehumet.
  4239 | D:5      | Found a broken altar of Ashenzari.
  4274 | D:5      | Reached skill level 5 in Shields
  4625 | D:5      | Slain by a black bear

Illustrated notes

Levels and vault maps discovered:
D:1:      onia_arrival_pyramid, layout_loops_ring,
          ebering_ecumenical_altar_petrified
D:2:      layout_basic
D:3:      layout_loops_ring, dreamdust_princess_bridge, uniq_grinder
D:4:      layout_rooms, gammafunk_temple_overflow_elements,
          portal_sewer_entry_a, minivault_26
D:5:      layout_cave_pools, nicolae_overflow_hallway_of_the_gods,
          chequers_serial_rivers_small_a, grunt_decor_cap, minivault_25,
          kennysheep_path_1
D:6:      layout_cave_pools, minmay_temple_entry_oklob, kennysheep_nondescript,
          nicolae_shop_i_like_small_books_too, st_stairs_10

Skill      XL: |  1  2  3  4  5  6  7  8 |
---------------+-------------------------+-----
Axes           | 2 3 4 6 8 |  8.0
Armour         | 4 5 |  5.0
Shields        | 5 |  5.2
Fighting       | |  3.2

Action                     |  1- 3 |  4- 6 |  7- 9 || total
---------------------------+-------+-------+-------++-------
  Melee: War axe           |    84 |   165 |   200 ||   449
    Use: Potion            |       |       |     2 ||     2
 Armour: Scale mail        |    42 |    94 |   142 ||   278
  Dodge: Dodged            |    39 |   104 |   114 ||   257
  Block: Buckler           |    13 |    29 |    46 ||    88
